 Dungeon Crawl Stone Soup version 0.29.1-15-g9cfb28693d (webtiles) character file.

Game seed: 17475995852632456101

147 KittyFluff the Cudgeller (level 5, 0/33 HPs)
             Began as a Gargoyle Berserker on Apr 26, 2023.
             Was a Believer of Trog.
             Slain by an iguana (9 damage)
             ... on level 4 of the Dungeon.
             The game lasted 00:11:53 (2989 turns).

KittyFluff the Cudgeller (Gargoyle Berserker)       Turns: 2989, Time: 00:11:54

Health: 0/33       AC:  9    Str: 21    XL:     5   Next: 29%
Magic:  5/5        EV: 12    Int:  7    God:    Trog [**....]
Gold:   123        SH:  0    Dex: 11    Spells: 4/4 levels left

rFire   . . .      SeeInvis .   a - +0 mace
rCold   . . .      Faith    .   (no shield)
rNeg    + . .      Spirit   .   n - +0 leather armour
rPois   ∞          Reflect  .   (no helmet)
rElec   +          Harm     .   e - +0 cloak
rCorr   .          Rampage  .   (no gloves)
Will    .....                   o - +0 pair of boots
Stlth   +.........              (no amulet)
HPRegen 0.11/turn               (no ring)
MPRegen 0.09/turn               (no ring)

@: no status effects
A: sickness immunity, AC +4, negative energy resistance 1, electricity
resistance, torment resistance 1, petrification resistance
a: Renounce Religion, Berserk, Trog's Hand


You were on level 4 of the Dungeon.
You worshipped Trog.
Trog was pleased with you.
You visited 1 branch of the dungeon, and saw 4 of its levels.

You collected 145 gold pieces.
You spent 22 gold pieces at shops.

Inventory:

Hand Weapons
 a - a +0 mace (weapon)
Missiles
 g - 10 poisoned darts (quivered)
Armour
 e - a +0 cloak (worn)
 n - a +0 leather armour (worn)
 o - a +0 pair of boots (worn)
Jewellery
 d - a ring of ice
Wands
 b - a wand of paralysis (8)
Scrolls
 h - 2 scrolls of identify
 j - a scroll of teleportation
 k - a scroll of poison
 l - a scroll of brand weapon
Potions
 c - a potion of attraction
 f - 4 potions of curing
 i - 4 potions of heal wounds
 m - a potion of mutation {unknown}
 p - a potion of resistance {unknown}


   Skills:
 + Level 4.0 Fighting
 + Level 4.2 Maces & Flails
 * Level 3.1 Armour
 + Level 2.4 Dodging
 + Level 0.7 Stealth


You had 4 spell levels left.
You didn't know any spells.
Your spell library was empty.

Dungeon Overview and Level Annotations

Branches:
Dungeon (4/15)
 Temple: D:4-7

Altars:
Okawaru

Shops:
D:2 *   D:3 =   D:4 (


Innate Abilities, Weirdness & Mutations

You are immune to sickness and miasma.
Your stone body is resilient. (AC +4)
You are immune to poison.
You resist negative energy. (rN+)
You are resistant to electric shocks. (rElec)
You are resistant to unholy torment.
You are immune to petrification.


Message History

The giant cockroach is almost dead.
The giant cockroach misses you.
You barely miss the giant cockroach.
The giant cockroach is almost dead.
The giant cockroach barely misses you.
You sock the giant cockroach!
You kill the giant cockroach!
Trog accepts your kill.
You start resting.
An endoplasm comes into view.
You see here a giant cockroach corpse.
Found Naith's Weapon Boutique.
An iguana comes into view.
You start resting.
An iguana is nearby!
The iguana hisses angrily.
Found a human corpse.
You hear the slow rusting of a drain nearby.
A kobold comes into view.
It is wielding a +2 short sword of speed.
You enter the shallow water.
Moving in this stuff is going to be slow.
The kobold shouts!
A kobold is nearby!
You hit the iguana.
The iguana is moderately wounded.
The iguana bites you.
You hit the iguana.
The iguana is heavily wounded.
The iguana misses you.
You barely miss the iguana.
The iguana is heavily wounded.
The iguana bites you.
* * * LOW HITPOINT WARNING * * *
You hit the iguana.
The iguana is heavily wounded.
The iguana bites you but does no damage.
You closely miss the iguana.
The iguana is heavily wounded.
The iguana barely misses you. The iguana bites you!
You die...

*,....#.......>..#**,,,,***,,****
,,.........†)...###....#**,,,,**
...∩.......#†....#......*,,,,,~*
...........#...#........,,,,,,~**
#†....#........#.#......,~~~~~~~*
*#...##........#........,,*,,****
,.......................,,*,,**
,,,.#...................,,,,*,*
...##..l..###.##@.#***,,,,***,**
......>..####..l### *,,,,,,,,,*
.....##..# #.....# **,,,,*,,**
.....#..######...# *,,,,,****
#.#**##..##≈##...# *,,,***
*,,,*~##..#≈#....# *****
*,,,*~#...#≈#....#
*#..#≈#....~..####
,,#..~...K.~..#


You could see an iguana.

Vanquished Creatures
  A hound (D:4)
  3 gnolls
  An adder (D:3)
  2 worms
  2 dart slugs (D:3)
  8 orcs
  4 ball pythons
  5 endoplasms
  3 giant cockroaches
  5 goblins
  4 hobgoblins
  8 kobolds
  4 quokkas
  5 bats
  4 frilled lizards
59 creatures vanquished.

Vanquished Creatures (others)
  2 fungi (D:2)
  A plant (D:2)
3 creatures vanquished.

Grand Total: 62 creatures vanquished

Notes
Turn   | Place    | Note
-------+----------+-------------------------------------------
     0 | D:1      | KittyFluff the Gargoyle Berserker began the quest for the
                  | Orb.
     0 | D:1      | Reached XP level 1. HP: 14/14 MP: 1/1
   421 | D:1      | Reached XP level 2. HP: 10/19 MP: 2/2
  1038 | D:2      | Found Jyhiobb's General Store.
  1056 | D:2      | Reached XP level 3. HP: 8/24 MP: 3/3
  1324 | D:2      | Bought a scroll of identify for 22 gold pieces
  1405 | D:2      | Found a faded altar of an unknown god.
  1781 | D:3      | Reached XP level 4. HP: 29/29 MP: 4/4
  1808 | D:3      | Reached ** piety under Trog
  1931 | D:3      | Found an iron altar of Okawaru.
  2458 | D:3      | Found Niovu's One-of-a-Kind Rings.
  2919 | D:4      | Reached XP level 5. HP: 14/33 MP: 5/5
  2940 | D:4      | Found Naith's Weapon Boutique.
  2989 | D:4      | Slain by an iguana

Illustrated notes

Levels and vault maps discovered:
D:1:      spicycebolla_green_bress_n_ham, layout_loops_ring, nrook_uturn
D:2:      layout_rooms, dreamdust_ecumenical_altar_hidden_monk_grotto,
          serial_shops, shop
D:3:      layout_basic, okawaru_altar_gauntlet_db, chequers_decorated_corner,
          interstate_on_off, nicolae_shop_unique_rings,
          minmay_misc_feat_secret_circle
D:4:      layout_cave_pools, serial_rivers, chequers_serial_rivers_micro_a,
          chequers_serial_rivers_large_a, chequers_serial_rivers_micro_a,
          chequers_serial_rivers_small_a, chequers_serial_rivers_micro_e,
          chequers_serial_rivers_marsh, portal_sewer_entry_f, serial_shops,
          nicolae_shop_bloodbath_and_beyond

Skill      XL: |  1  2  3  4  5 |
---------------+----------------+-----
Dodging        | 2 |  2.4
Armour         | 3 |  3.1
Maces & Flails | 4 |  4.2
Fighting       | 4 |  4.0
Stealth        | |  0.7

Action                   |  1- 3 |  4- 6 || total
-------------------------+-------+-------++-------
Melee: Mace              |   117 |    99 ||   216
       Punch             |     1 |       ||     1
  Use: Scroll            |     5 |     3 ||     8
 Stab: Sleeping          |     1 |       ||     1
Armor: Animal skin       |    62 |    16 ||    78
       Leather armour    |       |    25 ||    25
Dodge: Dodged            |   108 |    62 ||   170
